 Dungeon Crawl Stone Soup version 0.27.1-4-g1640c2035a (webtiles) character file.

Game seed: 14711619346482822666

5 zeram the Sneak (level 1, -3/9 HPs)
             Began as a Spriggan Enchanter on Nov 13, 2021.
             Slain by a gnoll (9 damage)
             ... on level 1 of the Dungeon.
             The game lasted 00:00:52 (152 turns).

zeram the Sneak (Spriggan Enchanter)                 Turns: 152, Time: 00:00:53

Health: -3/9       AC:  2    Str:  4    XL:     1   Next: 66%
Magic:  5/5        EV: 17    Int: 16    God:
Gold:   36         SH:  0    Dex: 15    Spells: 4/5 levels left

rFire    . . .     SeeInvis +   a - +1 dagger
rCold    . . .     Faith    .   (shield restricted)
rNeg     . . .     Spirit   .   b - +0 robe
rPois    .         Reflect  .   (helmet restricted)
rElec    .         Harm     .   (no cloak)
rCorr    .         Rampage  .   (gloves unavailable)
Will     .....                  (boots unavailable)
Stlth    +++.......             (no amulet)
HPRegen  0.03/turn              (no ring)
MPRegen  0.09/turn              (no ring)

@: very quick
A: very small, no large weapons, unfitting armour, see invisible, speed 3
a: no special abilities


You were on level 1 of the Dungeon.
You visited 1 branch of the dungeon, and saw 1 of its levels.

You collected 36 gold pieces.

Inventory:

Hand Weapons
 a - a +1 dagger (weapon)
Armour
 b - a +0 robe (worn)
Scrolls
 c - a scroll of holy word {unknown}
 e - a scroll of enchant armour {unknown}
Potions
 d - a potion of brilliance {unknown}


   Skills:
 - Level 1.1 Short Blades
 + Level 2.7 Dodging
 + Level 4.6 Stealth
 + Level 2.8 Spellcasting
 + Level 3.8 Hexes


You had 4 spell levels left.
You knew the following spells:

 Your Spells              Type           Power      Damage    Failure   Level
a - Corona                Hex            15%        N/A       4%          1

Your spell library contained the following spells:

 Spells                   Type           Power      Damage    Failure   Level
 Confusing Touch          Hex            14%        N/A       12%         3
 Tukima's Dance           Hex            14%        N/A       12%         3
 Ensorcelled Hibernation  Hex/Ice        16%        N/A       13%         2
 Dazzling Flash           Conj/Hex       16%        N/A       26%         3


Dungeon Overview and Level Annotations

Branches:
Dungeon (1/15)

Altars:


Innate Abilities, Weirdness & Mutations

You are very small and have problems with some larger weapons.
You are too small for most types of armour.
You have supernaturally acute eyesight. (SInv)
You cover ground extremely quickly. (Speed+++)


Message History

You hit the frilled lizard.
You kill the frilled lizard!
No target in view!
No target in view!
d - a blue potion
Found 10 gold pieces.
Found a trident.
Found 16 sling bullets.
You now have 26 gold pieces (gained 3).
You see here 21 arrows.
You now have 36 gold pieces (gained 10).
Found a scroll labelled WAZ DED VOKORCH.
e - a scroll labelled WAZ DED VOKORCH
Found a stone staircase leading down.
You see here 16 sling bullets.
A quokka and a gnoll come into view.
There are monsters nearby!
A rat comes into view.
Found a scroll labelled FOHI AMAED.
You miss the quokka. The quokka barely misses you.
You barely miss the quokka. The quokka barely misses you.
You barely miss the quokka. The quokka misses you.
You hit the quokka.
The quokka is heavily wounded.
The gnoll shouts!
The quokka misses you. x2
You closely miss the quokka.
The quokka is heavily wounded.
The quokka misses you.
You barely miss the quokka.
The quokka is heavily wounded.
The quokka misses you.
You miss the quokka.
The quokka is heavily wounded.
The quokka bites you.
You hit the quokka.
You kill the quokka!
You barely miss the gnoll. The gnoll hits you with a +0 club!
Ouch! That really hurt!
You die...

## ##### ## ... ##...##
#.....###.....# ####
#...#..#..#...# #...
...###...###..# #...
.?..#. #..#...#######>..
......###...#......##...
........##.##......##...
......g@....#......##...
....#.r...#........##...
...###...###.......##...
....#.....#........##...
# #...##..........(..###
..... .........####..##
................# ##...
................# ##..
.......†# #.#


You could see a gnoll and a rat.

Vanquished Creatures
  A kobold (D:1)
  A quokka (D:1)
  2 ball pythons (D:1)
  2 frilled lizards (D:1)
6 creatures vanquished.

Notes
Turn   | Place    | Note
-------+----------+-------------------------------------------
     0 | D:1      | zeram the Spriggan Enchanter began the quest for the Orb.
     0 | D:1      | Reached XP level 1. HP: 9/9 MP: 5/5
   152 | D:1      | Slain by a gnoll

Illustrated notes

Levels and vault maps discovered:
D:1:      lightli_arrival_quake, layout_rooms, minmay_strange_pillars

Action                   || total
-------------------------++-------
Melee: Dagger            ||    15
 Stab: Sleeping          ||     3
Armor: Robe              ||     1
Dodge: Dodged            ||    11
